AoeStats
← Santiaku

Arabia

505916208Analyzed
2v2 RM · 21d ago on Sep 11, 2026· 24m 54s· 4 players
Game mode
Random Map
Map size
Medium (4 player)
Population
200
Speed
Normal
Resources
Standard
Victory
Conquest
Starting age
Dark Age
Ending age
Imperial Age
RankedLock teamsTeams togetherTeam positionsShared explorationLock speedFull tech treeHidden civsTurbo modeCheats
Victory
Defeat
🇷🇺 Mongols · Russia
801
+16
🇷🇺 Huns · Russia
801
+16
🇺🇾 Chinese · Uruguay
837
-46
🇺🇾 Magyars · Uruguay
772
-39
sam_malkin
14:29 Feudal Age
15:12 Horse Collar
15:33 Man-at-Arms
16:44 Arson
21:13 Fletching
21:35 Stone Mining
22:00 Padded Archer Armor
23:14 Forging
23:05 Scale Mail Armor
23:45 Double-Bit Axe
manzick10
0:28 Loom
11:08 Feudal Age
11:43 Double-Bit Axe
11:46 Horse Collar
11:34 Man-at-Arms
12:36 Town Watch
13:15 Arson
21:38 Castle Age
20:25 Stone Mining
23:45 Fletching
24:55 Bow Saw
24:55 Husbandry
25:08 Bloodlines
Santiaku
5:35 Loom
12:26 Feudal Age
El De la Biblia Ñeri
1:38 Loom
12:19 Feudal Age
12:42 Man-at-Arms
14:58 Double-Bit Axe
24:22 Horse Collar
Connection lost

Rejoining the realm…

Still unreachable

The connection could not be restored.

Session expired

The server has moved on; the page needs a fresh start.